 Dungeon Crawl Stone Soup version 0.21.1-1-g345015f (webtiles) character file.

70 Lecool the Grave Robber (level 4, -1/36 HPs)
             Began as a Deep Dwarf Necromancer on June 16, 2018.
             Slain by Terence
             ... wielding a +0 mace
              (3 damage)
             ... on level 2 of the Dungeon.
             The game lasted 00:45:15 (1486 turns).

Lecool the Grave Robber (Deep Dwarf Necromancer)    Turns: 1486, Time: 00:45:15

Health: -1/36      AC:  3    Str: 11    XL:     4   Next: 4%
Magic:  4/7        EV: 12    Int: 16    God:
Gold:   64         SH:  0    Dex: 14    Spells: 2/7 levels left

rFire    . . .     SeeInvis .   f - +0 short sword
rCold    . . .     Gourm    .   (no shield)
rNeg     . . .     Faith    .   m - +0 leather armour
rPois    .         Spirit   .   (no helmet)
rElec    .         Reflect  .   (no cloak)
rCorr    .         Harm     .   (no gloves)
MR       .....                  (no boots)
Stlth    ++........             (no amulet)
HPRegen  0.00/turn              (no ring)
MPRegen  0.10/turn              (no ring)

@: non-regenerating
A: damage resistance, heal wounds, sense surroundings 1, no regeneration
a: Heal Wounds


You were on level 2 of the Dungeon.
You were not hungry.

You visited 1 branch of the dungeon, and saw 2 of its levels.

You collected 64 gold pieces.

Inventory:

Hand Weapons
 e - a +0 whip
 f - a +0 short sword (weapon)
 k - a cursed +0 dagger
 o - a +0 dagger
 p - a +0 dagger
 q - a +0 short sword
Missiles
 d - 92 stones (quivered)
 g - 26 bolts
 l - 28 poisoned needles
 r - 15 arrows
Armour
 a - a +0 robe
 m - a +0 leather armour (worn)
 s - a +0 robe
 t - a +0 robe
Scrolls
 u - 3 scrolls of identify
 v - a scroll of remove curse {unknown}
Potions
 i - a potion of resistance {unknown}
 j - a potion of agility {unknown}
 n - 2 potions of haste
Books
 b - a book of Necromancy

   Spells                             Type                      Level
   a - Pain                           Necromancy                   1
   b - Animate Skeleton               Necromancy                   1
   c - Vampiric Draining              Necromancy                   3
   d - Regeneration                   Charms/Necromancy            3
   e - Animate Dead                   Necromancy                   4
   f - Borgnjor's Vile Clutch         Necromancy/Earth             5
Comestibles
 c - 4 rations
 h - 6 chunks of flesh


   Skills:
 + Level 0.4 Short Blades
 + Level 0.2 Maces & Flails
 + Level 0.1 Throwing
 + Level 0.4 Armour
 + Level 2.6 Dodging
 + Level 2.4 Stealth
 + Level 2.2 Spellcasting
 + Level 5.3 Necromancy


You had 2 spell levels left.
You knew the following spells:

 Your Spells              Type           Power        Failure   Level  Hunger
a - Pain                  Necr           ###.         3%          1    #......
b - Animate Skeleton      Necr           N/A          3%          1    #......
c - Vampiric Draining     Necr           ###.......   9%          3    ###....


Dungeon Overview and Level Annotations

Branches:
Dungeon (2/15)

Altars:
Dithmenos
Okawaru
Qazlal

Annotations:
D:2 Terence


Innate Abilities, Weirdness & Mutations

You are resistant to damage.
You can heal yourself by infusing magical energy.
You passively map a small area around you.
You do not regenerate.


Message History

Terence closely misses you.
Your adder skeleton closely misses Terence.
You hit Terence but do no damage.
Terence is severely wounded.
Terence hits you with a mace.
* * * LOW HITPOINT WARNING * * *
Your adder skeleton bites Terence but does no damage.
You hit Terence but do no damage.
Terence is severely wounded.
Your adder skeleton bites Terence.
Terence completely misses you.
You hit Terence but do no damage.
Terence is severely wounded.
Your adder skeleton bites Terence but does no damage.
Terence hits you with a mace.
* * * LOW HITPOINT WARNING * * *
Your adder skeleton bites Terence.
You hit Terence but do no damage.
Terence is almost dead.
Terence hits you with a mace.
You die...

,
w..*#.##.######
#......
.####.##.##.#
###....
.......#.##.#
#.... * *
#..†..#.# ###.#
#..#†#..# #.#
####..#(##.##
#.#
*,............#
#.# *
####...Z.#.####
*#.#
#...@@((...#*
#.#..(#.......
,
#.##.##.##.##.
# *#.#*.# #*, ,
#.# .# , #.#*.#
, ...,.. ,, *
#.# ..,


You could see Terence and a friendly adder skeleton.

Vanquished Creatures
  A gnoll (D:1)
  2 adders (D:2)
  A dart slug (D:2)
  A leopard gecko (D:1)
  6 goblins (D:1)
  4 hobgoblins
  4 kobolds (D:1)
  A quokka (D:2)
  A ball python (D:1)
  3 bats (D:1)
  4 frilled lizards
  4 rats
32 creatures vanquished.

Vanquished Creatures (collateral kills)
  A bat (D:1)
  3 frilled lizards (D:1)
  4 goblins
  3 kobolds
  2 rats
13 creatures vanquished.

Grand Total: 45 creatures vanquished

Notes
Turn   | Place    | Note
-------+----------+-------------------------------------------
     0 | D:1      | Lecool the Deep Dwarf Necromancer began the quest for the Orb.
     0 | D:1      | Reached XP level 1. HP: 15/15 MP: 3/3
     6 | D:1      | Learned a level 1 spell: Animate Skeleton
    74 | D:1      | Reached skill level 5 in Necromancy
    74 | D:1      | Reached XP level 2. HP: 11/22 MP: 1/4
   294 | D:1      | Reached XP level 3. HP: 16/28 MP: 5/5
   332 | D:1      | Learned a level 3 spell: Vampiric Draining
  1268 | D:2      | Found a stormy altar of Qazlal.
  1277 | D:2      | Found a shadowy altar of Dithmenos.
  1295 | D:2      | Found an iron altar of Okawaru.
  1448 | D:2      | Reached XP level 4. HP: 18/36 MP: 0/7
  1454 | D:2      | Noticed Terence
  1486 | D:2      | Slain by Terence

Skill      XL: |  1  2  3 |
---------------+----------+-----
Necromancy     | 5 |  5.3
Spellcasting   | 2 |  2.2
Short Blades   | |  0.4
Maces & Flails | |  0.2
Throwing       | |  0.1
Armour         | |  0.4
Dodging        | |  2.6
Stealth        | |  2.4

Action                   |  1- 3 |  4- 6 || total
-------------------------+-------+-------++-------
Melee: Whip              |    52 |       ||    52
       Short sword       |    40 |    25 ||    65
Throw: Stone             |    15 |     4 ||    19
 Cast: Pain              |     4 |       ||     4
       Animate Skeleton  |    21 |       ||    21
       Vampiric Draining |     5 |     1 ||     6
 Abil: Heal Wounds       |     1 |       ||     1
  Use: Scroll            |     2 |       ||     2
 Stab: Distracted        |     1 |       ||     1
  Eat: Chunk             |     3 |       ||     3
Armor: Robe              |    13 |       ||    13
       Leather armour    |    21 |     3 ||    24
Dodge: Dodged            |   118 |    11 ||   129
